 Dungeon Crawl Stone Soup version 0.27-a0-1191-g601b473118 (webtiles) character file.

Game seed: 2571665679667915997

42 polve the Shield-Bearer (level 3, 0/19 HPs)
             Began as a Vine Stalker Fighter on May 23, 2021.
             Slain by an adder (1 damage)
             ... on level 2 of the Dungeon.
             The game lasted 00:00:45 (1087 turns).

polve the Shield-Bearer (Vine Stalker Fighter)      Turns: 1087, Time: 00:00:45

Health: 0/19       AC:  6    Str: 18    XL:     3   Next: 56%
Magic:  0/4        EV:  7    Int:  8    God:
Gold:   42         SH:  9    Dex: 14    Spells: 2/2 levels left

rFire    . . .     SeeInvis .   a - +0 rapier
rCold    . . .     Faith    .   c - +0 kite shield
rNeg     . . .     Spirit   +   b - +0 scale mail
rPois    .         Reflect  .   (no helmet)
rElec    .         Harm     .   (no cloak)
rCorr    .         Rampage  .   (no gloves)
Will     .....                  (no boots)
Stlth    ..........             (no amulet)
HPRegen  0.06/turn              (no ring)
MPRegen  0.09/turn              (no ring)

@: lethally poisoned (0 -> -3)
A: fangs 2, magic shield, antimagic bite, no potion heal 2
a: no special abilities


You were on level 2 of the Dungeon.
You visited 1 branch of the dungeon, and saw 2 of its levels.

You collected 42 gold pieces.

Inventory:

Hand Weapons
 a - a +0 rapier (weapon)
Armour
 b - a +0 scale mail (worn)
 c - a +0 kite shield (worn)
 h - a +0 helmet
Jewellery
 e - an amulet of guardian spirit
Scrolls
 f - 2 scrolls of identify {unknown}
 g - a scroll of noise {unknown}
 i - a scroll of magic mapping {unknown}
Potions
 d - a potion of might


   Skills:
 - Level 2.6 Fighting
 + Level 2.7 Short Blades
 - Level 2.4 Armour
 + Level 3.4 Shields


You had 2 spell levels left.
You didn't know any spells.
Your spell library was empty.

Dungeon Overview and Level Annotations

Branches:
Dungeon (2/15)

Altars:


Innate Abilities, Weirdness & Mutations

You have extremely sharp teeth.
When hurt, damage is shared between your health and your magic reserves.
Your bite disrupts and absorbs the magic of your enemies.
Potions cannot restore your health.


Message History

The adder is almost dead.
The adder barely misses you. The adder bites you. The adder closely misses you.
You miss the adder.
The adder is almost dead.
The adder bites you but does no damage. You block the adder's attack.
The adder bites you but does no damage. The adder bites you.
You are poisoned.
The adder poisons you!
You closely miss the adder.
The adder is almost dead.
You feel sick. The adder bites you but does no damage. The adder bites you.
The adder bites you but does no damage. The adder bites you.
You are more poisoned.
The adder poisons you!
You miss the adder. Your bite misses the adder.
The adder is almost dead.
You feel very sick. The adder bites you but does no damage.
You block the adder's attack. x2
You puncture the adder!
You kill the adder!
You feel sick. The adder barely misses you.
The adder bites you but does no damage.
You hit the adder but do no damage.
You feel sick. You block the adder's attack.
The adder bites you but does no damage.
You closely miss the adder. You bite the adder. You drain its power.
You feel invigorated.
The adder is lightly wounded.
You feel sick. The adder bites you. The adder bites you but does no damage.
You hit the adder. Your bite misses the adder.
The adder is severely wounded.
You feel sick. You block the adder's attack.
You barely miss the adder. Your bite misses the adder.
The adder is severely wounded.
You feel sick.
You are no longer poisoned.
The adder bites you.
* * * LOW HITPOINT WARNING * * *
You are lethally poisoned!
The adder poisons you! The adder bites you.
You die...

#. #.# #. #.#
#.##.. #####
#....## ....#
#.....# # .##.#
#..#..# ...
..#.#
##.#.S#..#.#
..#.#
#)..@......#
....#
#.#####.....
.##.#.#######.#
...
....#....<....#
.
..######....###
.....###.†..#
............#
...#.#####'##
...#.# #.#


You could see an adder.

Vanquished Creatures
  An adder (D:2)
  3 ball pythons (D:1)
  5 endoplasms (D:1)
  5 giant cockroaches
  2 goblins (D:1)
  4 hobgoblins
  A kobold (D:1)
  A quokka (D:1)
  3 bats
  3 rats (D:1)
28 creatures vanquished.

Vanquished Creatures (others)
  A rat (D:2)
1 creature vanquished.

Grand Total: 29 creatures vanquished

Notes
Turn   | Place    | Note
-------+----------+-------------------------------------------
     0 | D:1      | polve the Vine Stalker Fighter began the quest for the Orb.
     0 | D:1      | Reached XP level 1. HP: 11/11 MP: 2/2
    87 | D:1      | Reached XP level 2. HP: 5/16 MP: 0/3
   326 | D:1      | Reached skill level 3 in Shields
   543 | D:1      | Found a faded altar of an unknown god.
   766 | D:1      | Reached XP level 3. HP: 19/19 MP: 4/4
  1087 | D:2      | Slain by an adder

Illustrated notes

Levels and vault maps discovered:
D:1:      lightli_arrival_noodles, layout_loops_cross,
          hellmonk_ecumenical_altar_slurped_away
D:2:      layout_basic, lemuel_flame_loot_1, uniq_sigmund

Skill      XL: |  1  2 |
---------------+-------+-----
Short Blades   | 2 |  2.7
Shields        | 3 |  3.4
Fighting       | |  2.6
Armour         | |  2.4

Action                   || total
-------------------------++-------
Melee: Rapier            ||    76
       Bite              ||    23
Armor: Scale mail        ||    39
Dodge: Dodged            ||    27
Block: Kite shield       ||    35

Table legend: (Time is in decaauts)
 A = Elapsed time spent in this place.
 B = Non-inter-level travel time spent in this place.
 C = Inter-level travel time spent in this place.
 D = Time resting spent in this place.
 E = Time spent auto-exploring this place.
 F = Levels seen in this place.
 G = Mean time per level.
                   A        B        C        D        E       F      G
               +--------+--------+--------+--------+--------+-----+--------+
         Total |   1111 |   1104 |      7 |      0 |    935 |   2 |  555.5 |
       Dungeon |   1111 |   1104 |      7 |      0 |    935 |   2 |  555.5 |
               +--------+--------+--------+--------+--------+-----+--------+

Top non-repeatable levels by time:
     D:1: 1023 daAuts
     D:2: 88 daAuts
